 Dungeon Crawl Stone Soup version 0.22-a0-458-gb446440d2e (webtiles) character file.

706 Kaname the Magician (level 7, 47/47 HPs)
             Began as a Demonspawn Wizard on June 8, 2018.
             Quit the game on level 5 of the Dungeon.
             The game lasted 00:09:04 (4038 turns).

Kaname the Magician (Demonspawn Wizard)             Turns: 4038, Time: 00:09:04

Health: 47/47      AC:  3    Str:  9    XL:     7   Next: 39%
Magic:  16/16      EV: 12    Int: 25    God:
Gold:   171        SH:  0    Dex: 11    Spells: 10/19 levels left

rFire    . . .     SeeInvis .   q - +0 lajatang
rCold    . . .     Gourm    .   (shield currently unavailable)
rNeg     . . .     Faith    .   a - +0 robe
rPois    .         Spirit   +   b - +0 hat
rElec    .         Reflect  .   (no cloak)
rCorr    .         Harm     .   (no gloves)
MR       .....                  (no boots)
Stlth    ++........             (no amulet)
HPRegen  0.15/turn              r - +3 ring of intelligence
MPRegen  0.15/turn              y - +2 ring of strength

@: no status effects
A: horns 2, rugged brown scales 1, magic shield
a: no special abilities


You were on level 5 of the Dungeon.
You were hungry.

You visited 1 branch of the dungeon, and saw 5 of its levels.

You collected 171 gold pieces.

Inventory:

Hand Weapons
 e - a +0 short sword
 g - a +0 spear
 h - a -1 mace
 q - a +0 lajatang (weapon)
 w - a +0 trident
Missiles
 j - 28 arrows
 n - 2 curare-tipped needles
 z - a throwing net (quivered)
Armour
 a - a +0 robe (worn)
 b - a +0 hat (worn)
Jewellery
 r - a +3 ring of intelligence (left hand)
 y - a +2 ring of strength (right hand)
Wands
 C - a wand of iceblast (7)
Scrolls
 k - 5 scrolls of remove curse
 l - 3 scrolls of blinking
 o - 3 scrolls of immolation
 p - a scroll of amnesia {unknown}
 s - 3 scrolls of fear
 v - a scroll of random uselessness {unknown}
Potions
 c - a potion of haste {unknown}
 f - 3 potions of lignification
 i - a potion of degeneration {unknown}
 m - a potion of curing
 t - 2 potions of flight {unknown}
 u - a potion of brilliance {unknown}
 x - a potion of heal wounds {unknown}
 A - a potion of might {unknown}
Comestibles
 d - 10 rations


   Skills:
 - Level 1.7 Dodging
 - Level 1.7 Stealth
 + Level 6.6 Spellcasting
 - Level 5.0 Conjurations
   Level 1.0 Summonings
 - Level 0.8 Translocations


You had 10 spell levels left.
You knew the following spells:

 Your Spells              Type           Power        Failure   Level  Hunger
a - Magic Dart            Conj           ####         1%          1    None
b - Blink                 Tloc           N/A          8%          2    None
c - Mephitic Cloud        Conj/Pois/Air  ###.....     11%         3    None
d - Conjure Flame         Conj/Fire      ###.....     8%          3    None

Your spell library contained the following spells:

 Spells                   Type           Power        Failure   Level  Hunger
 Slow                     Hex            #.......     11%         2    None
 Call Imp                 Summ           ##......     7%          2    None


Dungeon Overview and Level Annotations

Branches:
Dungeon (5/15)
 Temple: D:4-7

Altars:
Cheibriados
Hepliaklqana
Okawaru
Sif Muna


Innate Abilities, Weirdness & Mutations

You have a pair of horns on your head.
You are partially covered in rugged brown scales. (AC +1, +3% HP)
When hurt, damage is shared between your health and your magic reserves.


Message History

Done exploring.
Done exploring.
Done exploring.
Done exploring.
Things that are here:
a whip of flaming; a robe
Things that are here:
an animal skin x2
There is a stone staircase leading down here.
You climb downwards.
Found a fizzy yellow potion.
There is a stone staircase leading up here.
t - 2 fizzy yellow potions (gained 1)
You open the door.
There is an open door here.
Found a stone staircase leading down.
An ogre comes into view. It is wielding a giant club.
An ogre is nearby!
Unknown command.
Are you sure you want to abandon this character and quit the game? (Confirm with "yes".)

##########......#
#........#......#
#........#......#
#........#......#
#........#......#
#.....<..'......+
#........#......#
#........#......#
#...######....@.#
#...
######....... #..
....... #.
....... #.
.O..>.. .......
....... #......


You could see an ogre (sleeping).

Vanquished Creatures
  Pikel (D:4)
  3 slaves (D:4)
  A scorpion (D:4)
  2 hounds (D:4)
  Natasha (thrice) (D:2)
  2 orc wizards (D:2)
  An adder (D:2)
  2 oozes
  6 worms
  3 dart slugs
  2 leopard geckos (D:2)
  7 orcs
  A ball python (D:3)
  6 bats
  3 giant cockroaches
  6 goblins
  6 hobgoblins
  7 jackals (D:3)
  3 kobolds
  2 quokkas
  3 frilled lizards
  A leopard gecko skeleton (D:4)
  3 rats
74 creatures vanquished.

Vanquished Creatures (others)
  A slave (D:4)
1 creature vanquished.

Grand Total: 75 creatures vanquished

Notes
Turn   | Place    | Note
-------+----------+-------------------------------------------
     0 | D:1      | Kaname the Demonspawn Wizard began the quest for the Orb.
     0 | D:1      | Reached XP level 1. HP: 13/13 MP: 4/4
   551 | D:1      | Gained mutation: You are partially covered in rugged brown scales. (AC +1, +3% HP) [demonic ancestry]
   551 | D:1      | Reached XP level 2. HP: 13/19 MP: 0/6
  1121 | D:2      | Learned a level 2 spell: Blink
  1266 | D:2      | Gained mutation: You have a pair of small horns on your head. [demonic ancestry]
  1266 | D:2      | Reached XP level 3. HP: 23/24 MP: 5/7
  1271 | D:2      | Learned a level 3 spell: Mephitic Cloud
  1508 | D:2      | Noticed Natasha
  1532 | D:2      | Killed Natasha
  1532 | D:2      | Gained mutation: When hurt, damage is shared between your health and your magic reserves. [demonic ancestry]
  1532 | D:2      | Reached XP level 4. HP: 9/30 MP: 0/8
  1739 | D:2      | Learned a level 3 spell: Conjure Flame
  1989 | D:2      | Noticed Natasha
  1993 | D:2      | Killed Natasha
  2079 | D:2      | Noticed Natasha
  2087 | D:2      | Killed Natasha
  2087 | D:2      | Reached skill level 5 in Conjurations
  2087 | D:2      | Reached XP level 5. HP: 18/36 MP: 0/9
  2791 | D:3      | Found a snail-covered altar of Cheibriados.
  2880 | D:3      | Found an iron altar of Okawaru.
  3008 | D:3      | Found a deep blue altar of Sif Muna.
  3145 | D:4      | Reached skill level 4 in Spellcasting
  3186 | D:4      | Gained mutation: You have a pair of horns on your head. [demonic ancestry]
  3186 | D:4      | Reached XP level 6. HP: 11/42 MP: 0/12
  3470 | D:4      | Noticed Pikel
  3470 | D:4      | Noticed a slave
  3470 | D:4      | Noticed a slave
  3483 | D:4      | Noticed a slave
  3497 | D:4      | Killed Pikel
  3497 | D:4      | Reached skill level 6 in Spellcasting
  3497 | D:4      | Reached XP level 7. HP: 24/47 MP: 3/16
  3650 | D:4      | HP: 1/47 [freed slave[Pikel] (4)]
  3980 | D:4      | Found a hazy altar of Hepliaklqana.
  4027 | D:5      | Entered Level 5 of the Dungeon
  4038 | D:5      | Quit the game

Vault maps used:
D:1:      dpeg_arrival_chambers_temple_mockup
D:2:      kennysheep_big_empty_room, nrook_mini_backslash, uniq_natasha
D:3:      lemuel_crystal_altar, okawaru_metal_pillars_3, cheibriados_altar_1,
          first_ration
D:4:      lemuel_coloured_pillars_altar, palyth_stone_intersect, uniq_pikel
D:5:      amethyst_overflow_temple_binary, nemelex_xobeh_ov_fountains_minmay,
          kennysheep_mini_moat, minmay_temple_entry_nine_rooms

Skill      XL: |  1  2  3  4  5  6 |
---------------+-------------------+-----
Conjurations   | 2 3 5 |  5.0
Spellcasting   | 4 6 |  6.6
Dodging        | |  1.7
Stealth        | |  1.7
Summonings     | |  1.0
Translocations | |  0.8

Action                   |  1- 3 |  4- 6 |  7- 9 || total
-------------------------+-------+-------+-------++-------
Melee: Spear             |     5 |       |       ||     5
       Short sword       |     2 |       |       ||     2
       Mace              |    26 |     5 |       ||    31
       Headbutt          |       |    12 |     2 ||    14
       Lajatang          |       |    88 |    26 ||   114
 Cast: Magic Dart        |    67 |    74 |     4 ||   145
       Mephitic Cloud    |       |     2 |       ||     2
  Use: Scroll            |     4 |     4 |       ||     8
       Potion            |       |     1 |     1 ||     2
 Stab: Sleeping          |     1 |     5 |     1 ||     7
  Eat: Chunk             |     2 |     5 |     2 ||     9
Armor: Robe              |     9 |    27 |     4 ||    40
Dodge: Dodged            |    25 |    71 |    14 ||   110

Table legend:
 A = Spawn XP
 B = Non-spawn XP
 C = Spawn XP percentage of total XP
 D = Spawn monster count
 E = Non-spawn monster count
 F = Spawn count percentage of total count
 G = Total turns spent on level
                    A         B        C        D         E        F      G
               +---------+---------+-------+---------+---------+-------+---------
         Total |       0 |    1009 |   0.0 |       0 |      71 |   0.0 |  4038
               +---------+---------+-------+---------+---------+-------+---------
           D:1 |       0 |      34 |   0.0 |       0 |      16 |   0.0 |  1134
           D:2 |       0 |     223 |   0.0 |       0 |      16 |   0.0 |  1106
           D:3 |       0 |      72 |   0.0 |       0 |      28 |   0.0 |   886
           D:4 |       0 |     680 |   0.0 |       0 |      11 |   0.0 |   901
               +---------+---------+-------+---------+---------+-------+---------
